[ AOE2 MATCH · #478904368 ]
UnrankedVietnamese vs Hindustanis
[ REPLAY ANALYSIS · EXTRACTED FROM THE RECORDED GAME ]
Feudal
13:38
Castle
17:20
Imperial
33:55
| APM avg | 44.6 |
| APM peak | 88 |
| eAPM avg | 24.8 |
| Villagers / military | 121 / 74 |
Focus
⚔️ 27.9% · 🌾 72.1%
Fire Lancer ×58 · Spearman ×11 · Trebuchet (Packed) ×3 · Monk ×2
Feudal
13:44
Castle
17:39
Imperial
39:52
| APM avg | 30.0 |
| APM peak | 53 |
| eAPM avg | 17.2 |
| Villagers / military | 169 / 62 |
Focus
⚔️ 23.9% · 🌾 76.1%
Ghulam ×41 · Camel Scout ×19 · Trebuchet (Packed) ×2
Feudal
13:27
Castle
17:03
Imperial
40:35
| APM avg | 80.8 |
| APM peak | 132 |
| eAPM avg | 24.8 |
| Villagers / military | 98 / 79 |
Focus
⚔️ 50.0% · 🌾 50.0%
Cavalry Archer ×77 · Archer ×1 · Spearman ×1
Feudal
12:21
Castle
21:45
Imperial
—
| APM avg | 33.7 |
| APM peak | 113 |
| eAPM avg | 15.0 |
| Villagers / military | 109 / 25 |
Focus
⚔️ 26.2% · 🌾 73.8%
Camel Scout ×8 · Shrivamsha Rider ×8 · Scout Cavalry ×7 · Scorpion ×2
Match map
Initial resources + every placement click. Lines = walls · curves = elevation contours. ◆ gold · ⬟ stone · ● berries · ✦ relic · ◌ wall gap
Your base· Open — 13t gap
buildanavy's base· Open — unwalled flank
[CL] Sebag's base· Open — unwalled flank
Jacro's base· Open — unwalled flank
Smoothed initial terrain · ◌ = detected wall gap · hover for details
Inputs per minute
— [CL] LasagnaSolida - - buildanavy
Build order — [CL] LasagnaSolida
First 150 of 371 actions detected
| 0:05 | Build | Town Center |
| 1:12 | Build | House |
| 1:55 | Build | House |
| 2:14 | Create | Villager (Male) |
| 2:14 | Create | Villager (Male) |
| 2:14 | Create | Villager (Male) |
| 2:15 | Create | Villager (Male) |
| 2:54 | Research | Loom |
| 3:01 | Create | Villager (Male) |
| 3:23 | Create | Villager (Male) |
| 3:23 | Create | Villager (Male) |
| 4:02 | Build | House |
| 4:22 | Build | House |
| 4:30 | Create | Villager (Male) |
| 4:30 | Create | Villager (Male) |
| 4:54 | Build | Lumber Camp |
| 5:12 | Build | House |
| 5:29 | Create | Villager (Male) |
| 5:29 | Create | Villager (Male) |
| 6:09 | Create | Villager (Male) |
| 6:09 | Create | Villager (Male) |
| 6:11 | Create | Villager (Male) |
| 6:26 | Build | House |
| 7:28 | Build | House |
| 7:34 | Build | House |
| 7:39 | Build | House |
| 7:43 | Create | Villager (Male) |
| 7:43 | Create | Villager (Male) |
| 7:44 | Create | Villager (Male) |
| 7:44 | Create | Villager (Male) |
| 7:44 | Create | Villager (Male) |
| 7:48 | Build | House |
| 8:00 | Create | Villager (Male) |
| 8:00 | Create | Villager (Male) |
| 8:03 | Build | House |
| 8:22 | Create | Villager (Male) |
| 8:33 | Build | House |
| 8:34 | Build | House |
| 8:36 | Build | Palisade Wall |
| 8:38 | Create | Villager (Male) |
| 9:35 | Build | Mining Camp |
| 9:59 | Create | Villager (Male) |
| 10:21 | Create | Villager (Male) |
| 10:44 | Create | Villager (Male) |
| 10:46 | Research | Feudal Age |
| 11:30 | Build | Mill |
| 12:25 | Create | Villager (Male) |
| 12:25 | Create | Villager (Male) |
| 13:38 | Age | Feudal Age |
| 13:40 | Build | Market |
| 13:42 | Build | Blacksmith |
| 13:49 | Research | Wheelbarrow |
| 13:51 | Research | Double-Bit Axe |
| 13:58 | Build | House |
| 14:02 | Build | House |
| 14:15 | Build | House |
| 14:16 | Build | House |
| 14:28 | Research | Castle Age |
| 14:28 | Research | Castle Age |
| 14:49 | Research | Horse Collar |
| 14:57 | Create | Villager (Male) |
| 15:27 | Build | House |
| 15:29 | Build | Palisade Wall |
| 15:36 | Build | House |
| 15:39 | Build | Palisade Wall |
| 15:44 | Build | Palisade Wall |
| 15:47 | Build | Palisade Wall |
| 15:50 | Build | Palisade Wall |
| 16:00 | Build | Barracks |
| 16:18 | Create | Villager (Male) |
| 16:28 | Build | House |
| 16:33 | Build | House |
| 16:42 | Create | Villager (Male) |
| 16:44 | Research | Scale Mail Armor |
| 16:45 | Research | Forging |
| 16:56 | Create | Spearman |
| 17:01 | Build | Palisade Wall |
| 17:14 | Build | Barracks |
| 17:20 | Age | Castle Age |
| 17:22 | Research | Pikeman (upgrade) |
| 17:30 | Create | Fire Lancer |
| 17:45 | Create | Villager (Male) |
| 17:54 | Build | Farm |
| 17:54 | Build | Farm |
| 17:55 | Build | Farm |
| 17:59 | Create | Fire Lancer |
| 18:02 | Create | Villager (Male) |
| 18:09 | Research | Heavy Plow |
| 18:33 | Create | Villager (Male) |
| 18:33 | Create | Villager (Male) |
| 18:56 | Create | Spearman |
| 18:57 | Create | Spearman |
| 19:01 | Build | Farm |
| 19:13 | Build | Farm |
| 19:13 | Build | Farm |
| 19:28 | Create | Villager (Male) |
| 19:30 | Build | Farm |
| 19:30 | Build | Farm |
| 19:56 | Create | Villager (Male) |
| 20:10 | Build | Town Center |
| 20:16 | Build | Palisade Wall |
| 20:28 | Research | Squires |
| 20:29 | Create | Villager (Male) |
| 20:40 | Create | Villager (Male) |
| 20:49 | Create | Villager (Male) |
| 20:55 | Research | Bow Saw |
| 21:19 | Create | Villager (Male) |
| 21:20 | Create | Villager (Male) |
| 21:32 | Create | Villager (Male) |
| 21:32 | Create | Villager (Male) |
| 21:37 | Create | Villager (Male) |
| 21:37 | Create | Villager (Male) |
| 21:44 | Build | Mining Camp |
| 21:50 | Create | Fire Lancer |
| 21:50 | Create | Fire Lancer |
| 22:08 | Create | Fire Lancer |
| 22:10 | Research | Gold Mining |
| 22:23 | Create | Villager (Male) |
| 22:23 | Create | Villager (Male) |
| 22:23 | Create | Villager (Male) |
| 22:24 | Create | Villager (Male) |
| 22:24 | Create | Villager (Male) |
| 22:26 | Build | Farm |
| 22:26 | Build | Farm |
| 22:27 | Build | Farm |
| 22:27 | Build | Farm |
| 22:27 | Build | Farm |
| 22:27 | Build | Farm |
| 22:48 | Create | Villager (Male) |
| 22:48 | Create | Villager (Male) |
| 22:48 | Create | Villager (Male) |
| 22:49 | Create | Villager (Male) |
| 22:57 | Build | Farm |
| 22:57 | Build | Farm |
| 22:57 | Build | Farm |
| 22:59 | Create | Villager (Male) |
| 23:06 | Research | Stone Mining |
| 23:14 | Build | Farm |
| 23:30 | Create | Spearman |
| 23:34 | Create | Fire Lancer |
| 23:34 | Create | Fire Lancer |
| 23:38 | Create | Villager (Male) |
| 23:38 | Create | Villager (Male) |
| 23:54 | Research | Hand Cart |
| 23:57 | Create | Villager (Male) |
| 24:00 | Create | Fire Lancer |
| 24:03 | Build | Farm |
| 24:05 | Build | House |
| 24:06 | Build | House |
| 24:07 | Build | House |
Build order — buildanavy
First 150 of 366 actions detected
| 0:50 | Build | Town Center |
| 1:44 | Build | House |
| 2:40 | Build | House |
| 2:46 | Create | Villager (Male) |
| 2:46 | Create | Villager (Male) |
| 2:46 | Create | Villager (Male) |
| 2:47 | Create | Villager (Male) |
| 2:47 | Create | Villager (Male) |
| 3:46 | Create | Villager (Male) |
| 3:46 | Create | Villager (Male) |
| 4:02 | Create | Villager (Male) |
| 4:03 | Create | Villager (Male) |
| 4:07 | Build | House |
| 4:57 | Create | Villager (Male) |
| 5:01 | Build | Lumber Camp |
| 5:29 | Create | Villager (Male) |
| 5:30 | Create | Villager (Male) |
| 5:30 | Create | Villager (Male) |
| 6:27 | Create | Villager (Male) |
| 6:27 | Create | Villager (Male) |
| 6:37 | Build | House |
| 6:38 | Build | House |
| 6:40 | Create | Villager (Male) |
| 6:40 | Create | Villager (Male) |
| 7:25 | Create | Villager (Male) |
| 7:36 | Build | Mill |
| 7:41 | Create | Villager (Male) |
| 8:04 | Research | Loom |
| 8:07 | Create | Villager (Male) |
| 8:08 | Create | Villager (Male) |
| 9:12 | Build | House |
| 9:22 | Create | Villager (Male) |
| 9:46 | Create | Villager (Male) |
| 10:19 | Create | Villager (Male) |
| 10:19 | Create | Villager (Male) |
| 10:53 | Create | Villager (Male) |
| 11:16 | Build | Mining Camp |
| 11:34 | Research | Feudal Age |
| 11:41 | Build | House |
| 12:41 | Create | Villager (Male) |
| 12:41 | Create | Villager (Male) |
| 13:44 | Age | Feudal Age |
| 13:46 | Build | Market |
| 13:51 | Build | Blacksmith |
| 14:11 | Build | Mill |
| 14:30 | Create | Villager (Male) |
| 14:47 | Research | Castle Age |
| 14:47 | Research | Castle Age |
| 14:54 | Build | Barracks |
| 15:22 | Build | House |
| 15:35 | Research | Double-Bit Axe |
| 16:11 | Research | Horse Collar |
| 16:41 | Build | Lumber Camp |
| 16:55 | Create | Villager (Male) |
| 16:55 | Create | Villager (Male) |
| 17:39 | Age | Castle Age |
| 17:43 | Build | Town Center |
| 17:51 | Research | Bow Saw |
| 18:11 | Build | Stable |
| 18:17 | Create | Villager (Male) |
| 18:34 | Create | Villager (Male) |
| 19:04 | Create | Villager (Male) |
| 19:08 | Create | Villager (Male) |
| 19:08 | Create | Villager (Male) |
| 19:09 | Create | Villager (Male) |
| 19:14 | Research | Wheelbarrow |
| 19:22 | Build | Town Center |
| 19:33 | Build | Farm |
| 19:35 | Build | Farm |
| 19:37 | Create | Villager (Male) |
| 19:47 | Build | Farm |
| 19:51 | Build | Farm |
| 19:54 | Build | Farm |
| 19:58 | Build | Farm |
| 20:05 | Create | Villager (Male) |
| 20:10 | Build | Farm |
| 20:31 | Create | Villager (Male) |
| 20:36 | Build | Farm |
| 20:59 | Create | Villager (Male) |
| 20:59 | Create | Villager (Male) |
| 21:02 | Build | Farm |
| 21:03 | Build | Farm |
| 21:09 | Build | Farm |
| 21:17 | Create | Villager (Male) |
| 21:17 | Create | Villager (Male) |
| 21:27 | Build | Farm |
| 21:29 | Build | Farm |
| 21:30 | Build | Farm |
| 21:31 | Build | Farm |
| 21:43 | Create | Villager (Male) |
| 21:43 | Create | Villager (Male) |
| 21:55 | Build | House |
| 21:56 | Build | House |
| 22:05 | Create | Camel Scout |
| 22:05 | Create | Camel Scout |
| 22:31 | Create | Villager (Male) |
| 22:31 | Create | Villager (Male) |
| 22:40 | Build | Farm |
| 22:41 | Build | Farm |
| 22:42 | Build | Farm |
| 22:43 | Build | Farm |
| 22:52 | Create | Villager (Male) |
| 22:53 | Create | Villager (Male) |
| 23:04 | Create | Villager (Male) |
| 23:04 | Create | Villager (Male) |
| 23:08 | Build | Farm |
| 23:23 | Create | Villager (Male) |
| 23:23 | Create | Villager (Male) |
| 23:23 | Create | Villager (Male) |
| 23:34 | Create | Villager (Male) |
| 23:34 | Create | Villager (Male) |
| 23:40 | Build | Farm |
| 23:43 | Build | Farm |
| 23:47 | Build | Farm |
| 23:49 | Create | Villager (Male) |
| 23:50 | Create | Villager (Male) |
| 23:50 | Create | Villager (Male) |
| 23:50 | Create | Villager (Male) |
| 23:50 | Create | Villager (Male) |
| 24:03 | Create | Villager (Male) |
| 24:03 | Create | Villager (Male) |
| 24:03 | Create | Villager (Male) |
| 24:09 | Build | Farm |
| 24:19 | Create | Villager (Male) |
| 24:19 | Create | Villager (Male) |
| 24:20 | Create | Villager (Male) |
| 24:21 | Build | House |
| 24:24 | Build | House |
| 24:24 | Build | House |
| 24:34 | Build | Farm |
| 24:35 | Build | Farm |
| 24:42 | Research | Scale Mail Armor |
| 24:55 | Create | Villager (Male) |
| 24:55 | Create | Villager (Male) |
| 25:04 | Create | Villager (Male) |
| 25:05 | Create | Villager (Male) |
| 25:08 | Research | Gold Mining |
| 25:13 | Create | Villager (Male) |
| 25:13 | Create | Villager (Male) |
| 25:16 | Build | House |
| 25:22 | Create | Camel Scout |
| 25:23 | Create | Camel Scout |
| 25:30 | Build | Farm |
| 25:33 | Create | Villager (Male) |
| 25:33 | Create | Villager (Male) |
| 25:44 | Create | Camel Scout |
| 25:45 | Create | Camel Scout |
| 25:45 | Create | Camel Scout |
| 26:07 | Create | Villager (Male) |
| 26:07 | Create | Villager (Male) |
Build order — [CL] Sebag
First 150 of 277 actions detected
| 0:45 | Build | Town Center |
| 2:56 | Create | Villager (Male) |
| 2:56 | Create | Villager (Male) |
| 2:57 | Create | Villager (Male) |
| 2:57 | Create | Villager (Male) |
| 3:55 | Create | Villager (Male) |
| 4:23 | Create | Villager (Male) |
| 4:55 | Create | Villager (Male) |
| 4:55 | Create | Villager (Male) |
| 4:56 | Create | Villager (Male) |
| 5:13 | Create | Villager (Male) |
| 6:24 | Build | Mill |
| 6:38 | Create | Villager (Male) |
| 6:39 | Create | Villager (Male) |
| 6:39 | Create | Villager (Male) |
| 6:42 | Create | Villager (Male) |
| 7:00 | Create | Villager (Male) |
| 7:26 | Create | Villager (Male) |
| 7:26 | Create | Villager (Male) |
| 7:49 | Create | Villager (Male) |
| 8:13 | Create | Villager (Male) |
| 8:34 | Create | Villager (Male) |
| 8:35 | Create | Villager (Male) |
| 8:35 | Create | Villager (Male) |
| 8:37 | Create | Villager (Male) |
| 8:44 | Build | Mill |
| 8:52 | Create | Villager (Male) |
| 9:38 | Create | Villager (Male) |
| 9:49 | Research | Loom |
| 10:27 | Build | Lumber Camp |
| 10:27 | Create | Villager (Male) |
| 10:41 | Build | Mining Camp |
| 10:49 | Create | Villager (Male) |
| 11:17 | Research | Feudal Age |
| 11:33 | Build | Palisade Wall |
| 11:52 | Build | Palisade Wall |
| 12:04 | Build | Palisade Wall |
| 12:07 | Build | Palisade Wall |
| 12:42 | Build | Barracks |
| 13:03 | Create | Villager (Male) |
| 13:04 | Create | Villager (Male) |
| 13:27 | Age | Feudal Age |
| 13:36 | Build | Blacksmith |
| 13:43 | Build | Archery Range |
| 14:23 | Research | Castle Age |
| 14:32 | Build | Lumber Camp |
| 15:14 | Research | Double-Bit Axe |
| 15:15 | Research | Fletching |
| 16:13 | Build | Archery Range |
| 16:24 | Create | Spearman |
| 17:02 | Create | Villager (Male) |
| 17:03 | Age | Castle Age |
| 17:05 | Research | Bodkin Arrow |
| 17:06 | Create | Cavalry Archer |
| 17:12 | Create | Villager (Male) |
| 17:19 | Build | Archery Range |
| 17:21 | Create | Cavalry Archer |
| 17:37 | Create | Villager (Male) |
| 17:55 | Create | Cavalry Archer |
| 17:55 | Create | Cavalry Archer |
| 17:57 | Create | Villager (Male) |
| 18:01 | Create | Villager (Male) |
| 18:01 | Create | Villager (Male) |
| 18:30 | Create | Cavalry Archer |
| 18:42 | Build | Stable |
| 18:44 | Create | Cavalry Archer |
| 18:46 | Create | Villager (Male) |
| 19:12 | Create | Cavalry Archer |
| 19:26 | Create | Cavalry Archer |
| 19:32 | Create | Villager (Male) |
| 19:33 | Create | Villager (Male) |
| 20:01 | Create | Cavalry Archer |
| 20:16 | Research | Husbandry |
| 20:17 | Create | Cavalry Archer |
| 20:24 | Create | Villager (Male) |
| 20:33 | Build | Town Center |
| 20:41 | Create | Cavalry Archer |
| 20:42 | Create | Cavalry Archer |
| 21:03 | Create | Villager (Male) |
| 21:03 | Create | Cavalry Archer |
| 21:09 | Create | Villager (Male) |
| 21:10 | Create | Villager (Male) |
| 21:17 | Build | University |
| 21:21 | Create | Cavalry Archer |
| 21:41 | Research | Padded Archer Armor |
| 22:09 | Create | Villager (Male) |
| 22:09 | Create | Villager (Male) |
| 22:38 | Create | Villager (Male) |
| 22:49 | Research | Ballistics |
| 22:50 | Create | Villager (Male) |
| 22:50 | Create | Villager (Male) |
| 23:30 | Create | Villager (Male) |
| 23:31 | Create | Villager (Male) |
| 23:39 | Create | Cavalry Archer |
| 23:40 | Create | Cavalry Archer |
| 23:40 | Create | Cavalry Archer |
| 23:40 | Create | Cavalry Archer |
| 23:41 | Create | Cavalry Archer |
| 23:41 | Create | Cavalry Archer |
| 24:00 | Create | Villager (Male) |
| 24:24 | Research | Leather Archer Armor |
| 24:25 | Create | Villager (Male) |
| 24:30 | Research | Bloodlines |
| 25:27 | Create | Cavalry Archer |
| 25:27 | Create | Cavalry Archer |
| 25:29 | Create | Cavalry Archer |
| 25:45 | Research | Thumb Ring |
| 26:34 | Create | Cavalry Archer |
| 26:35 | Create | Cavalry Archer |
| 26:35 | Create | Cavalry Archer |
| 26:35 | Create | Cavalry Archer |
| 26:43 | Create | Villager (Male) |
| 26:45 | Create | Villager (Male) |
| 27:04 | Create | Villager (Male) |
| 27:07 | Build | Farm |
| 27:08 | Build | Farm |
| 27:09 | Build | Farm |
| 27:10 | Research | Horse Collar |
| 27:11 | Create | Villager (Male) |
| 27:14 | Build | Farm |
| 27:40 | Create | Cavalry Archer |
| 27:40 | Create | Cavalry Archer |
| 27:41 | Create | Cavalry Archer |
| 27:41 | Create | Cavalry Archer |
| 27:57 | Create | Cavalry Archer |
| 27:59 | Create | Villager (Male) |
| 27:59 | Create | Villager (Male) |
| 28:32 | Create | Villager (Male) |
| 28:33 | Research | Wheelbarrow |
| 28:34 | Create | Villager (Male) |
| 28:34 | Create | Villager (Male) |
| 28:36 | Build | Farm |
| 28:37 | Build | Farm |
| 29:26 | Create | Villager (Male) |
| 29:26 | Create | Villager (Male) |
| 29:26 | Create | Villager (Male) |
| 29:28 | Build | Farm |
| 29:28 | Build | Farm |
| 29:28 | Build | Farm |
| 29:29 | Build | Farm |
| 29:29 | Build | Farm |
| 29:31 | Create | Villager (Male) |
| 29:39 | Build | Mining Camp |
| 29:42 | Create | Cavalry Archer |
| 30:00 | Create | Villager (Male) |
| 30:19 | Build | Farm |
| 30:20 | Build | Farm |
| 30:21 | Create | Villager (Male) |
| 30:22 | Create | Cavalry Archer |
| 30:22 | Create | Cavalry Archer |
Build order — Jacro
First 150 of 246 actions detected
| 0:35 | Build | Town Center |
| 0:43 | Build | Town Center |
| 2:22 | Build | House |
| 2:37 | Create | Villager (Male) ×4 |
| 2:37 | Create | Villager (Male) ×4 |
| 3:33 | Create | Villager (Male) |
| 3:33 | Create | Villager (Male) |
| 4:18 | Create | Villager (Male) |
| 4:18 | Create | Villager (Male) |
| 4:30 | Build | House |
| 4:43 | Create | Villager (Male) |
| 4:43 | Create | Villager (Male) |
| 5:29 | Create | Villager (Male) |
| 5:29 | Create | Villager (Male) |
| 5:30 | Create | Villager (Male) |
| 6:22 | Create | Villager (Male) |
| 6:22 | Create | Villager (Male) |
| 6:56 | Build | House |
| 7:02 | Build | House |
| 7:05 | Create | Villager (Male) |
| 7:05 | Create | Villager (Male) |
| 7:06 | Create | Villager (Male) |
| 7:42 | Build | Mill |
| 7:50 | Create | Villager (Male) |
| 7:51 | Create | Villager (Male) |
| 8:49 | Create | Villager (Male) |
| 9:43 | Build | Lumber Camp |
| 9:44 | Create | Villager (Male) |
| 10:11 | Research | Feudal Age |
| 10:11 | Research | Feudal Age |
| 10:11 | Research | Feudal Age |
| 10:42 | Build | House |
| 11:03 | Build | Barracks |
| 11:41 | Research | Loom |
| 11:42 | Create | Villager (Male) |
| 12:02 | Build | House |
| 12:21 | Age | Feudal Age |
| 12:25 | Build | Stable |
| 12:28 | Research | Double-Bit Axe |
| 12:30 | Create | Villager (Male) |
| 13:14 | Build | Mill |
| 13:15 | Create | Scout Cavalry |
| 13:16 | Create | Scout Cavalry |
| 13:35 | Create | Villager (Male) |
| 13:35 | Create | Villager (Male) |
| 14:12 | Create | Scout Cavalry |
| 14:12 | Create | Scout Cavalry |
| 14:13 | Create | Villager (Male) |
| 14:16 | Build | Farm |
| 14:17 | Create | Scout Cavalry |
| 14:31 | Build | Lumber Camp |
| 14:33 | Create | Scout Cavalry |
| 14:45 | Create | Villager (Male) |
| 15:05 | Create | Villager (Male) |
| 15:22 | Create | Villager (Male) |
| 15:36 | Create | Scout Cavalry |
| 16:00 | Create | Villager (Male) |
| 16:22 | Create | Villager (Male) |
| 16:28 | Build | House |
| 16:31 | Build | House |
| 16:44 | Research | Wheelbarrow |
| 17:11 | Build | Mill |
| 17:18 | Build | Mining Camp |
| 17:19 | Create | Villager (Male) |
| 18:09 | Build | Farm |
| 18:12 | Build | Farm |
| 18:15 | Build | Farm |
| 18:17 | Create | Villager (Male) |
| 18:19 | Build | Market |
| 19:05 | Research | Castle Age |
| 19:05 | Research | Castle Age |
| 19:25 | Build | Stable |
| 20:17 | Research | Bloodlines |
| 20:23 | Research | Gold Mining |
| 21:03 | Build | House |
| 21:07 | Build | House |
| 21:11 | Build | House |
| 21:39 | Create | Villager (Male) |
| 21:42 | Create | Camel Scout |
| 21:42 | Create | Camel Scout |
| 21:45 | Age | Castle Age |
| 21:50 | Build | Town Center |
| 22:07 | Create | Villager (Male) |
| 22:07 | Create | Villager (Male) |
| 22:39 | Build | Blacksmith |
| 22:43 | Create | Villager (Male) |
| 22:44 | Create | Camel Scout |
| 22:44 | Create | Camel Scout |
| 22:47 | Research | Husbandry |
| 22:53 | Create | Villager (Male) |
| 23:02 | Create | Villager (Male) |
| 23:03 | Create | Villager (Male) |
| 23:15 | Create | Villager (Male) |
| 23:16 | Create | Villager (Male) |
| 23:19 | Build | Farm |
| 23:38 | Build | Siege Workshop |
| 23:42 | Create | Camel Scout |
| 23:42 | Create | Camel Scout |
| 23:58 | Build | House |
| 24:01 | Build | House |
| 24:03 | Build | House |
| 24:16 | Research | Scale Barding Armor |
| 24:19 | Create | Scorpion |
| 24:19 | Create | Scorpion |
| 24:20 | Create | Villager (Male) |
| 24:20 | Create | Villager (Male) |
| 24:50 | Create | Villager (Male) |
| 24:51 | Create | Villager (Male) |
| 25:09 | Create | Villager (Male) |
| 25:09 | Create | Villager (Male) |
| 25:15 | Create | Camel Scout |
| 25:15 | Create | Camel Scout |
| 25:16 | Create | Villager (Male) |
| 25:50 | Build | Town Center |
| 26:05 | Create | Villager (Male) |
| 26:06 | Create | Villager (Male) |
| 26:06 | Create | Villager (Male) |
| 26:31 | Create | Villager (Male) |
| 26:31 | Create | Villager (Male) |
| 26:53 | Build | Mining Camp |
| 27:06 | Create | Villager (Male) |
| 27:07 | Create | Villager (Male) |
| 27:07 | Create | Villager (Male) |
| 27:42 | Create | Villager (Male) |
| 27:42 | Create | Villager (Male) |
| 27:46 | Build | Stable |
| 28:03 | Build | Farm |
| 28:06 | Build | Farm |
| 28:16 | Build | Farm |
| 28:40 | Create | Villager (Male) |
| 28:41 | Create | Villager (Male) |
| 28:41 | Create | Villager (Male) |
| 28:53 | Build | Stable |
| 29:12 | Create | Villager (Male) |
| 29:12 | Create | Villager (Male) |
| 29:15 | Build | Farm |
| 29:17 | Build | Farm |
| 29:20 | Build | Farm |
| 29:26 | Create | Villager (Male) |
| 29:27 | Create | Villager (Male) |
| 29:27 | Create | Villager (Male) |
| 30:14 | Build | Castle |
| 30:21 | Create | Villager (Male) |
| 30:21 | Create | Villager (Male) |
| 30:40 | Build | Farm |
| 30:40 | Build | Farm |
| 30:41 | Build | Farm |
| 30:51 | Build | Town Center |
| 30:54 | Create | Villager (Male) |
| 30:54 | Create | Villager (Male) |
Match timeline
| 8:36 | [CL] LasagnaSolida · wall_segment Palisade Wall x1 |
| 11:03 | Jacro · first_building Barracks |
| 11:33 | [CL] Sebag · wall_segment Palisade Wall x1 |
| 11:52 | [CL] Sebag · wall_segment Palisade Wall x1 |
| 12:04 | [CL] Sebag · wall_segment Palisade Wall x1 |
| 12:07 | [CL] Sebag · wall_segment Palisade Wall x1 |
| 12:21 | Jacro · age_up feudal |
| 12:25 | Jacro · first_building Stable |
| 12:42 | [CL] Sebag · first_building Barracks |
| 13:27 | [CL] Sebag · age_up feudal |
| 13:38 | [CL] LasagnaSolida · age_up feudal |
| 13:43 | [CL] Sebag · first_building Archery Range |
| 13:44 | buildanavy · age_up feudal |
| 14:54 | buildanavy · first_building Barracks |
| 15:29 | [CL] LasagnaSolida · wall_segment Palisade Wall x1 |
| 15:39 | [CL] LasagnaSolida · wall_segment Palisade Wall x4 |
| 15:44 | [CL] LasagnaSolida · wall_segment Palisade Wall x2 |
| 15:47 | [CL] LasagnaSolida · wall_segment Palisade Wall x1 |
| 15:50 | [CL] LasagnaSolida · wall_segment Palisade Wall x1 |
| 16:00 | [CL] LasagnaSolida · first_building Barracks |
| 17:01 | [CL] LasagnaSolida · wall_segment Palisade Wall x1 |
| 17:03 | [CL] Sebag · age_up castle |
| 17:20 | [CL] LasagnaSolida · age_up castle |
| 17:30 | buildanavy · first_market_buy 100 wood |
| 17:39 | buildanavy · age_up castle |
| 18:11 | buildanavy · first_building Stable |
| 18:42 | [CL] Sebag · first_building Stable |
| 18:56 | Jacro · first_market_sell 100 stone |
| 18:59 | Jacro · first_market_buy 100 food |
| 20:16 | [CL] LasagnaSolida · wall_segment Palisade Wall x1 |
| 21:45 | Jacro · age_up castle |
| 23:38 | Jacro · first_building Siege Workshop |
| 24:10 | [CL] LasagnaSolida · wall_segment Palisade Wall x1 |
| 25:55 | [CL] LasagnaSolida · first_market_buy 100 stone |
| 26:01 | [CL] LasagnaSolida · first_market_sell 100 food |
| 26:05 | [CL] LasagnaSolida · first_building Castle |
| 27:14 | buildanavy · first_building Castle |
| 27:31 | [CL] LasagnaSolida · first_building Monastery |
| 30:14 | Jacro · first_building Castle |
| 33:55 | [CL] LasagnaSolida · age_up imperial |
| 34:52 | [CL] Sebag · first_building Monastery |
| 38:03 | buildanavy · first_building Archery Range |
| 39:40 | [CL] Sebag · first_building Castle |
| 39:52 | buildanavy · age_up imperial |
| 40:30 | Jacro · resign |
| 40:35 | [CL] Sebag · age_up imperial |
| 40:54 | [CL] Sebag · first_market_sell 100 wood |
[ AI ANALYSIS · 1 CREDIT ]
What really happened in this match?
Wolo.gg analyzes every decision: build order, eco, micro, common mistakes by bracket. Personalized analysis on WhatsApp or Discord in 30 seconds.
Civ guide
Vietnamese
Perfil
Jugador #22895330